 Dungeon Crawl Stone Soup version 0.30-a0-793-g160f7cfddd (webtiles) character file.

Game seed: 1865441485802082941

280239 iguanaiguana the Necromancer (level 19, -1/146 HPs)
             Began as a Mummy Summoner on Feb 19, 2023.
             Was a High Priest of Yredelemnul.
             Slain by a tengu reaver
             ... wielding a +4 great sword of holy wrath
              (4 damage)
             ... on level 3 of the Vaults on Feb 20, 2023.
             The game lasted 03:47:07 (44214 turns).

iguanaiguana the Necromancer (Mummy Summoner)      Turns: 44214, Time: 03:47:08

Health: -1/146     AC: 16    Str: 12    XL:     19   Next: 67%
Magic:  12/38      EV: 16    Int: 36    God:    Yredelemnul [*****.]
Gold:   1725       SH:  0    Dex: 13    Spells: 8/48 levels left

rFire   x . .      SeeInvis .    U - staff of air
rCold   + . .      Faith    +    (no shield)
rNeg    + + +      Spirit   .    z - +1 robe of Vines {NoPotionHeal Regen++++}
rPois   ∞          Reflect  .    N - +2 helmet {Int+3}
rElec   +          Harm     .    v - +2 cloak
rCorr   .          Rampage  .    p - +2 pair of gloves
Will    ++...                    l - +2 pair of boots
Stlth   ++                       y - amulet "Cuyp" {rN+ Regen+}
HPRegen 4.44/turn                G - +6 ring of intelligence
MPRegen 0.26/turn                j - +6 ring of intelligence

@: marked
A: cold resistance 1, negative energy resistance 3, torment resistance 2, heat
vulnerability 1, in touch with death 2, no potions, faith
}: 2/15 runes: decaying, serpentine
a: Renounce Religion, Recall Undead Harvest, Dark Bargain, Drain Life, Bind Soul


You were on level 3 of the Vaults.
You worshipped Yredelemnul.
Yredelemnul was aware of your devotion.
You visited 7 branches of the dungeon, and saw 34 of its levels.
You also visited: Sewer and Volcano.

You collected 4553 gold pieces.
You spent 2828 gold pieces at shops.

Inventory:

Hand Weapons
 a - the +7 great sword of Puadulao {speed, rF+}
   (You found it on level 13 of the Dungeon)

   rF:        It protects you from fire.
 O - the +8 mace "Wint" {elec, *Rage rF+ rN+ Str+2}
   (You bought it in a shop on level 6 of the Dungeon)

   Str:       It affects your strength (+2).
   rF:        It protects you from fire.
   rN:        It protects you from negative energy.
   *Rage:     It berserks you when you make melee attacks (+20% chance).
 P - a +4 vampiric trident
Missiles
 k - 50 poisoned darts
 m - 18 boomerangs
 n - 3 atropa-tipped darts
 x - a throwing net
 C - a curare-tipped dart
 F - 16 javelins
 H - 7 datura-tipped darts
 X - 4 boomerangs of dispersal
Armour
 l - a +2 pair of boots (worn)
 p - a +2 pair of gloves (worn)
 t - a +0 tower shield of protection
 v - a +2 cloak (worn)
 z - the +1 robe of Vines (worn) {NoPotionHeal Regen++++}
   (You found it on level 11 of the Dungeon)

   NoPotionHeal: Its wearer cannot be healed by potions.
   Regen:     It increases your rate of health regeneration.
 K - a +0 tower shield of fire resistance
 N - a +2 helmet of intelligence (worn)
 Y - a +2 pair of gloves
Magical Staves
 b - a staff of death
 U - a staff of air (weapon)
Jewellery
 j - a +6 ring of intelligence (right hand)
 y - the amulet "Cuyp" (around neck) {rN+ Regen+}
   (You took it off an orc on level 7 of the Dungeon)

   [amulet of regeneration]

   rN:        It protects you from negative energy.
   Regen:     It increases your rate of health regeneration.
 A - a ring of fire
 B - a +4 ring of protection
 G - a +6 ring of intelligence (left hand)
 I - a ring of protection from cold
 L - a ring of wizardry
 S - a ring of resist corrosion
Wands
 e - a wand of iceblast (30) {@v2}
 q - a wand of flame (47)
 E - a wand of mindburst (8)
 Q - a wand of paralysis (21)
 Z - a wand of digging (14) {@v3}
Scrolls
 c - 5 scrolls of amnesia
 d - 2 scrolls of immolation
 f - 8 scrolls of vulnerability
 g - 5 scrolls of poison
 h - a scroll of enchant armour
 i - 3 scrolls of torment
 o - 16 scrolls of teleportation {@r3}
 r - 3 scrolls of blinking {@r4}
 s - 5 scrolls of fog
 u - 2 scrolls of brand weapon
 w - 6 scrolls of magic mapping {@r5}
 J - 2 scrolls of silence
 T - 2 scrolls of enchant weapon
Miscellaneous
 D - a condenser vane (inert)


   Skills:
 - Level 12.0 Fighting
 - Level 4.5 Polearms
 - Level 3.8 Armour
 - Level 10.0 Dodging
 - Level 3.0 Stealth
 - Level 15.1 Spellcasting
 - Level 3.0 Hexes
 - Level 16.0 Summonings
 + Level 19.0 Necromancy
 - Level 4.0 Air Magic
 - Level 6.0 Earth Magic
 - Level 10.0 Invocations


You had 8 spell levels left.
You knew the following spells:

 Your Spells              Type           Power      Damage    Failure   Level
a - Summon Hydra          Summ           48%        N/A       1%          7
b - Borgnjor's Vile Clut  Necr/Erth      66%        N/A       1%          5
c - Call Canine Familiar  Summ           97%        N/A       0%          3
d - Summon Lightning Spi  Summ/Air       99%        N/A       1%          4
e - Haunt                 Necr/Summ      74%        N/A       1%          7
f - Call Imp              Summ           97%        N/A       0%          2
g - Summon Small Mammal   Summ           100%       N/A       0%          1
h - Summon Guardian Gole  Hex/Summ       77%        N/A       1%          3
i - Summon Cactus Giant   Summ           48%        N/A       1%          6
x - Blink                 Tloc           54%        N/A       1%          2

Your spell library contained the following spells:

 Spells                   Type           Power      Damage    Failure   Level
 Freeze                   Ice            100%       1d10      1%          1
 Sandblast                Erth           100%       2d20      1%          1
 Ensorcelled Hibernation  Hex/Ice        76%        N/A       1%          2
 Lesser Beckoning         Tloc           54%        N/A       1%          2
 Momentum Strike          Conj/Tloc      54%        3d9       1%          2
 Passwall                 Tmut/Erth      40%        N/A       1%          2
 Scorch                   Fire           54%        2d8       1%          2
 Static Discharge         Conj/Air       100%       2-7/arc   1%          2
 Stone Arrow              Conj/Erth      96%        3d13      1%          3
 Swiftness                Air            71%        N/A       1%          3
 Tukima's Dance           Hex            48%        N/A       1%          3
 Vhi's Electric Charge    Tloc/Air       100%       N/A       1%          3
 Kindle Blastsparks       Fire/Tloc/Air  100%       2d18      2%          3
 Portal Projectile        Hex/Tloc       76%        N/A       2%          3
 Leda's Liquefaction      Hex/Erth       28%        N/A       2%          4
 Lee's Rapid Deconstruct  Erth           31%        3d16*     3%          5
 Infestation              Necr           76%        N/A       3%          8
 Frozen Ramparts          Ice            54%        1d9       4%          3
 Gell's Gravitas          Tloc           27%        N/A       4%          3
 Hailstorm                Conj/Ice       27%        3d7       4%          3
 Ignite Poison            Fire/Tmut/Pois 27%        N/A       4%          3
 Ozocubu's Armour         Ice            27%        N/A       4%          3
 Teleport Other           Tloc           27%        N/A       4%          3
 Petrify                  Tmut/Erth      48%        N/A       4%          4
 Flame Wave               Conj/Fire      27%        2d9       14%         4
 Passage of Golubria      Tloc           27%        N/A       14%         4
 Sticky Flame             Conj/Fire      27%        2d5       14%         4
 Arcjolt                  Conj/Air       29%        1d39      17%         5
 Lightning Bolt           Conj/Air       29%        1d45      17%         5
 Metabolic Englaciation   Hex/Ice        19%        N/A       21%         5
 Yara's Violent Unravell  Hex/Tmut       19%        3d9       21%         5
 Freezing Cloud           Conj/Ice/Air   26%        6-21      22%         5
 Irradiate                Conj/Tmut      13%        3d16      36%         5
 Conjure Ball Lightning   Conj/Air       29%        3x3d8     67%         6
 Dispersal                Tloc           13%        N/A       91%         6
 Discord                  Hex            24%        N/A       100%        8
 Disjunction              Tloc           13%        N/A       100%        8
 Polar Vortex             Ice            13%        N/A       100%        9
 Sublimation of Blood     Necr           Unusable   N/A       N/A         2
 Animate Dead             Necr           Unusable   N/A       N/A         4
 Death Channel            Necr           Unusable   N/A       N/A         6
 Simulacrum               Ice/Necr       Unusable   N/A       N/A         6
 Blade Hands              Tmut           Unusable   N/A       N/A         5
 Statue Form              Tmut/Erth      Unusable   N/A       N/A         6

Dungeon Overview and Level Annotations

Branches:
Dungeon (15/15) Zot: 24779  Temple (1/1) D:5 Zot: 5895    Lair (5/5) D:8 Zot: 22415
  Swamp (4/4) Lair:3 Zot: 18869   Snake (4/4) Lair:2 Zot: 14846   Slime (0/5) Lair:4
    Orc (2/2) D:12 Zot: 9389     Elf (0/3) Orc:2        Vaults (3/5) D:13 Zot: 11761
  Crypt (0/3) Vaults:3     Depths (0/4) D:15          Sewer (visited)
Volcano (visited)

Altars:
Ashenzari
Cheibriados
Dithmenos
Fedhas
Gozag
Hepliaklqana
Kikubaaqudgha
Makhleb
Nemelex Xobeh
Okawaru
Qazlal
Ru
Sif Muna
Trog
Uskayaw
Vehumet
Wu Jian
Xom
Yredelemnul
Jiyva

Shops:
D:4 (   D:6 (   D:7 !   D:11 :   D:12 *   D:14 =   Orc:2 !!!   Snake:1 *(*[!
Snake:4 *::   Vaults:1 (

Annotations:
D:1 exclusion: downstairs
Snake:2 exclusion: downstairs
Orc:1 2 transporters, browni3141's ghost, journeyman DsGl


Innate Abilities, Weirdness & Mutations

You are immune to poison.
Your flesh is cold resistant. (rC+)
You are immune to negative energy. (rN+++)
You are immune to unholy pain and torment.
You are vulnerable to heat. (rF-)
You are strongly in touch with the powers of death.
You do not drink.
You have a special connection with the divine. (Faith)


Message History

Unknown command.
Unknown command.
Okay, then.
Your wraith disappears in a puff of smoke!
Your phantasmal warrior disappears in a puff of smoke!
The tengu reaver is engulfed in poison gas.
The tengu reaver looks as sick as possible!
The tengu reaver hits Sojobo with a +3 halberd!!
The tengu reaver claws Sojobo.
The tengu reaver is engulfed in poison gas.
The tengu reaver looks even sicker.
The war gargoyle launches metal splinters at you.
The spray of metal splinters hits your vault guard zombie!!
Your vault guard zombie is destroyed!
The spray of metal splinters hits Sojobo!!
The spray of metal splinters hits you!!
Sojobo hits the tengu reaver with a +1 great sword of electrocution!!
Sojobo drains the tengu reaver!
The tengu reaver dies!
The black draconian hits you from afar with a +0 halberd of venom!
The fire giant is engulfed in poison gas.
The fire giant is poisoned.
The fire giant casts a spell at you.
The fireball explodes!
The fireball engulfs Sojobo.
Sojobo resists.
The fireball engulfs your deep troll zombie!!
The fireball engulfs you!!! The fire burns you terribly!
* * * LOW HITPOINT WARNING * * *
Your Necromancy skill increases to level 19!
The zombie hands lose their grip on something.
A fire giant comes into view.
It is wielding a +4 great sword of flaming.
Sojobo casts a spell.
Your tengu reaver zombie hits the war gargoyle.
The tengu reaver hits you with a +4 great sword of holy wrath!
* * * LOW HITPOINT WARNING * * *
You convulse!
* * * LOW HITPOINT WARNING * * *
The tengu reaver claws you.
You die...
Yredelemnul claims you as an undead slave.

#### ###### #
.....#....# #
.....#§☼..# #
...§.#§☼..# #
.§§e)ZZ..# #
...C9....# # #Z.Z.# #
#EEE.# # #@E.)# #
####.Qd.# # #.......#
# #....§§§# #
#....§§§#
#############....§§§#
#..)).).§...'.......#
')...)))'...'...C...#
#############.......#


You could see a black draconian (very poisoned, ally target), a fire giant, a
tengu reaver (very poisoned), a war gargoyle (ally target), the friendly Sojobo
the bound tengu (repels missiles), 4 friendly air elementals, a friendly deep
troll zombie, a friendly tengu reaver zombie and a friendly ironbound
thunderhulk zombie.

Vanquished Creatures
  2 liches
  A tengu reaver (Vaults:3)
  A vault warden (Vaults:1)
  3 very ugly things
  4 ironbound preservers
  A stone giant (Vaults:3)
  A war gargoyle (Vaults:3)
  2 ironbound thunderhulks
  A bunyip (Swamp:1)
  3 yaktaur captains (Vaults:2)
  4 vault guards
  An ogre mage (Orc:2)
  3 ironbound frosthearts (Vaults:2)
  A catoblepas (D:14)
  4 boulder beetles
  2 centaur warriors
  A naga warrior (Snake:4)
  3 two-headed ogres (Orc:2)
  2 naga sharpshooters (Snake:4)
  An orc high priest (Orc:1)
  A salamander mystic (Snake:4)
  2 goliath frogs
  A swamp dragon (Lair:4)
  A sea snake (Lair:5)
  13 deep trolls
  A naga ritualist (Snake:4)
  3 ironbound convokers
  A wizard (Vaults:2)
  A deep elf pyromancer (D:13)
  2 lindwurms
  A harpy (Lair:5)
  A cyclops (Orc:2)
  A salamander (Snake:2)
  2 ugly things
  5 elephants
  4 black mambas
  A vault sentinel (Vaults:2)
  A naga mage (Snake:4)
  A gargoyle (D:10)
  2 cane toads
  A komodo dragon (Lair:5)
  A sea snake zombie (Lair:5)
  2 kobold demonologists
  A rime drake (Lair:4)
  A yaktaur (D:15)
  3 trolls
  4 nameless horrors
  A hornet (Swamp:2)
  A blink frog (Lair:5)
  A frost giant simulacrum (Vaults:2)
  A deep troll zombie (Vaults:2)
  5 yaks
  2 spriggans
  2 vampire mosquitoes (D:12)
  A swamp worm (Swamp:2)
  A warg (Orc:2)
  6 nagas
  A cane toad zombie (Lair:5)
  3 water moccasins
  An acid dragon (D:9)
  5 orc warriors
  2 swamp drakes (Swamp:4)
  4 centaurs (D:14)
  2 wolves (Lair:1)
  7 ogres (Orc:2)
  A rime drake zombie (Lair:5)
  2 scorpions
  4 bullfrogs
  2 howler monkeys
  3 electric eels
  2 centaur zombies (D:14)
  2 hounds
  2 jellies
  3 orc priests
  A gnoll bouda (D:9)
  An iguana (D:6)
  Natasha (D:3)
  3 orc wizards
  4 ogre zombies (Orc:2)
  2 gnolls (D:8)
  An adder (D:6)
  A white imp (D:5)
  2 worms
  2 dart slugs
  29 orcs
  A bat (D:1)
  An endoplasm (D:4)
  4 giant cockroaches
  7 kobolds
  A quokka (D:2)
  2 orc zombies (Orc:2)
  A rat (Sewer)
230 creatures vanquished.

Vanquished Creatures (collateral kills)
  A titan (Vaults:3)
  The ghost of Efairey the Warrior, an adept DsGl of Ashenzari (Swamp:3)
  A thorn hunter (Swamp:2)
  Roxanne (Swamp:1)
  5 tengu reavers
  6 nagarajas
  The ghost of Ciog the Warrior, an adept GrFi of Ashenzari (Snake:1)
  4 vault wardens (Vaults:1)
  A deep elf sorcerer (Vaults:3)
  A stone giant (Vaults:3)
  3 very ugly things
  7 ironbound preservers
  3 ironbound thunderhulks (Vaults:2)
  A deep elf demonologist (Vaults:3)
  3 eleionomae
  A bunyip (Swamp:2)
  An ettin (D:13)
  A deep elf death mage (Vaults:3)
  A deep elf high priest (D:13)
  2 shambling mangroves (Swamp:2)
  3 fire dragons
  Harold (D:11)
  4 yaktaur captains
  2 great orbs of eyes (Vaults:1)
  11 vault guards
  18 hydras
  3 salamander tyrants
  2 boulder beetles
  4 centaur warriors
  16 naga warriors
  5 ogre magi
  5 anacondas
  4 tengu warriors
  An alligator (Swamp:1)
  7 death yaks
  4 ironbound frosthearts
  14 two-headed ogres
  A dancing weapon (Swamp:3)
  Urug (D:12)
  7 naga sharpshooters
  9 shock serpents
  3 skysharks
  A titan skeleton (Vaults:2)
  4 salamander mystics
  2 sea snakes (Lair:5)
  11 deep trolls
  6 goliath frogs
  4 spriggan druids
  18 swamp dragons
  A glowing orange brain (Vaults:2)
  3 bog bodies
  7 naga ritualists
  A spriggan rider (Swamp:3)
  5 wizards
  13 lindwurms
  5 harpies (Vaults:1)
  An obsidian statue (Snake:1)
  2 orc knights
  A tengu zombie (Vaults:2)
  10 ironbound convokers
  13 mana vipers
  2 necromancers (Vaults:2)
  A steelbarb worm (shapeshifter) (Vaults:2)
  2 deep elf pyromancers
  2 oklob plants (Lair:5)
  4 cyclopes
  13 ugly things
  2 manticores (Lair:5)
  17 salamanders
  3 will-o-the-wisps
  24 elephants
  A frost giant skeleton (Vaults:2)
  3 guardian serpents
  9 vault sentinels
  23 black mambas
  19 naga magi
  An elf zombie (Vaults:2)
  2 gargoyles (D:12)
  10 cane toads
  8 komodo dragons
  An unseen horror (D:12)
  3 rime drakes
  Psyche (D:11)
  An elf skeleton (Vaults:2)
  2 kobold demonologists (D:12)
  4 yaktaurs
  A tengu conjurer (D:13)
  A freezing wraith (D:14)
  4 polar bears
  Grinder (D:4)
  11 tyrant leeches
  A wind drake (Lair:5)
  9 trolls
  16 hornets
  A raiju (shapeshifter) (D:15)
  2 snapping turtles (Lair:5)
  16 blink frogs
  2 jumping spiders (D:15)
  A vampire (D:11)
  2 wraiths
  2 shadows
  23 slime creatures
  8 spriggans
  3 wyverns
  4 steam dragons
  21 yaks
  A basilisk (Lair:3)
  3 fire bats (Volcano)
  3 redbacks (D:15)
  13 vampire mosquitoes
  A warg (Orc:2)
  34 nagas
  5 acid dragons
  A deep troll zombie (Vaults:3)
  13 swamp worms
  Duvessa (D:5)
  18 water moccasins
  A hell hound (Volcano)
  5 swamp drakes
  A floating eye (Vaults:3)
  10 orc warriors
  An ice beast (D:5)
  A sky beast (D:7)
  A black bear (D:6)
  3 boggarts (Vaults:1)
  16 ogres
  8 wolves
  2 centaurs
  3 kobold brigands
  9 bullfrogs
  3 scorpions
  4 wights (D:8)
  A naga zombie (Snake:2)
  Dowan (D:5)
  3 howler monkeys
  A centaur zombie (D:14)
  4 jellies (Lair:4)
  8 orc priests
  3 hounds (D:5)
  3 iguanas
  Natasha (twice) (D:3)
  9 orc wizards
  5 hell rats
  4 adders
  8 gnolls
  2 river rats (Sewer)
  A white imp (D:6)
  8 nameless horrors
  2 ufetubi
  3 worms
  4 dart slugs
  40 orcs
  A bat (D:2)
  3 endoplasms
  4 giant cockroaches
  4 goblins
  8 hobgoblins
  2 jackals (D:4)
  A jackal (shapeshifter) (Vaults:3)
  13 kobolds
  3 quokkas
  5 ball pythons
  3 frilled lizards
  2 orc zombies (Orc:1)
  3 rats
  A briar patch (Swamp:2)
  3 bushes (Lair:5)
894 creatures vanquished.

Vanquished Creatures (others)
  A spectral dwarf (Swamp:4)
  An ironbound preserver (Vaults:1)
  An eleionoma (Swamp:1)
  2 very ugly thing zombies (Vaults:3)
  A spectral merfolk (Lair:5)
  2 spectral hydras
  A titan zombie (Vaults:3)
  A spectral centaur (D:15)
  2 anaconda zombies (Snake:3)
  2 goliath frog zombies
  4 ugly thing zombies
  A wizard (D:14)
  A shock serpent zombie (Snake:3)
  2 centaur zombies
  3 swamp worm zombies
  A komodo dragon (D:8)
  A sea snake zombie (Lair:5)
  A steelbarb worm zombie (Vaults:2)
  A spectral elephant (Orc:1)
  2 mana viper zombies
  A spectral glowing orange brain (Vaults:2)
  3 hydra zombies (Swamp:4)
  A troll (D:11)
  6 harpy zombies
  8 bloated husks
  A spectral komodo dragon (Lair:5)
  A hornet (Swamp:3)
  2 guardian serpent zombies
  A boulder beetle zombie (Lair:2)
  A jumping spider zombie (D:15)
  2 fire dragon zombies
  A spectral cane toad (Lair:4)
  A spriggan (Swamp:3)
  5 black mamba zombies
  5 yaks
  2 tyrant leech zombies (Swamp:4)
  5 slime creature zombies
  11 deep troll zombies (Vaults:2)
  22 human zombies
  3 fire bat zombies (Volcano)
  4 tengu zombies
  3 two-headed ogre zombies (D:15)
  2 cane toad zombies
  A snapping turtle zombie (Lair:5)
  7 hornet zombies
  A manticore zombie (Lair:5)
  3 elf zombies
  5 elephant zombies (Lair:5)
  An ogre (D:15)
  A lindwurm zombie (Volcano)
  4 swamp dragon zombies (Swamp:4)
  9 blink frog zombies
  A spectral shadow imp (D:4)
  10 vampire mosquito zombies
  3 komodo dragon zombies (Lair:5)
  4 salamander zombies
  5 yaktaur zombies
  A cyclops zombie (Orc:2)
  A gnoll sergeant (D:4)
  A hell hound zombie (Volcano)
  A wyvern zombie (Lair:4)
  15 water moccasin zombies
  A wight (D:8)
  A polar bear zombie (Lair:5)
  A raiju zombie (D:15)
  6 spriggan zombies
  4 yak zombies
  7 troll zombies
  A wolf zombie (Lair:1)
  5 bullfrog zombies
  3 boggart zombies (Vaults:1)
  22 naga zombies
  A sky beast zombie (D:7)
  13 ogre zombies
  3 hound zombies
  A howler monkey zombie (D:8)
  4 hell rat zombies (Lair:5)
  2 swamp drake zombies (Swamp:4)
  An adder zombie (D:5)
  A jelly zombie (D:8)
  A spectral white imp (D:5)
  3 dart slug zombies
  2 endoplasm zombies (D:4)
  3 giant cockroach zombies (D:4)
  7 gnoll zombies
  10 kobold zombies
  38 orc zombies
  A spectral ufetubus (D:5)
  16 foxfires
  74 fungi
  141 plants
569 creatures vanquished.

Grand Total: 1693 creatures vanquished

Notes
Turn   | Place    | Note
-------+----------+-------------------------------------------
     0 | D:1      | iguanaiguana the Mummy Summoner began the quest for the
                  | Orb.
     0 | D:1      | Reached XP level 1. HP: 13/13 MP: 4/4
   349 | D:1      | Reached XP level 2. HP: 19/19 MP: 2/5
   352 | D:1      | Learned a level 2 spell: Call Imp
  1131 | D:2      | Found a faded altar of an unknown god.
  1156 | D:2      | Gained mutation: You are in touch with the powers of death.
                  | [Mummy growth]
  1156 | D:2      | Reached XP level 3. HP: 21/24 MP: 1/7
  1309 | D:2      | Learned a level 3 spell: Call Canine Familiar
  1418 | D:2      | Noticed a nameless horror
  2108 | D:3      | Reached XP level 4. HP: 30/30 MP: 5/8
  2313 | D:3      | Noticed Natasha
  2330 | D:3      | Killed Natasha
  2404 | D:3      | Noticed Natasha
  2427 | D:3      | Killed Natasha
  2428 | D:3      | Reached XP level 5. HP: 35/35 MP: 1/9
  2858 | D:3      | Noticed Natasha
  2865 | D:3      | Killed Natasha
  3011 | D:3      | Reached skill level 5 in Summonings
  3285 | D:3      | Learned a level 2 spell: Blink
  3417 | D:4      | Reached XP level 6. HP: 41/41 MP: 5/12
  3424 | D:4      | Found Jucraitz's Antique Weapon Emporium.
  3593 | D:4      | Found a basalt altar of Yredelemnul.
  3599 | D:4      | Became a worshipper of Yredelemnul the Dark
  3682 | D:4      | Noticed Grinder
  3690 | D:4      | Reached * piety under Yredelemnul
  3699 | D:4      | Killed Grinder
  3700 | D:4      | Reached skill level 5 in Spellcasting
  3700 | D:4      | Reached XP level 7. HP: 46/46 MP: 7/14
  3704 | D:4      | Learned a level 3 spell: Summon Guardian Golem
  3907 | D:4      | Found a hazy altar of Hepliaklqana.
  3914 | D:4      | Found a stormy altar of Qazlal.
  3920 | D:4      | Found a sparkling altar of Nemelex Xobeh.
  4038 | D:4      | Reached ** piety under Yredelemnul
  4045 | D:4      | Your ally Grinder died
  4103 | D:4      | Reached skill level 1 in Hexes
  4248 | D:5      | Entered Level 5 of the Dungeon
  4475 | D:5      | Found a staircase to the Ecumenical Temple.
  4481 | D:5      | Reached skill level 1 in Fighting
  4481 | D:5      | Noticed a hornet
  4500 | D:5      | Killed a hornet
  4501 | D:5      | Reached XP level 8. HP: 16/60 MP: 5/15
  4677 | D:5      | Noticed Duvessa
  4686 | D:5      | Noticed Dowan
  4689 | D:5      | Killed Dowan
  4694 | D:5      | Killed Duvessa
  4887 | D:5      | Reached skill level 5 in Fighting
  5311 | Temple   | Entered the Ecumenical Temple
  5510 | D:5      | Reached skill level 1 in Polearms
  5613 | D:6      | Found Yfiat's Antique Weapon Shoppe.
  5642 | D:6      | Found a glowing drain.
  5676 | Sewer    | Entered a sewer
  6183 | D:6      | Found a burning altar of Makhleb.
  6295 | D:6      | Found a snail-covered altar of Cheibriados.
  6443 | D:6      | Bought an ancient trident for 289 gold pieces
  6443 | D:6      | Identified the +3 trident of Analysis {holy, rN+++} (You
                  | bought it in a shop on level 6 of the Dungeon)
  6606 | D:6      | Found a shimmering altar of Xom.
  6626 | D:6      | Reached XP level 9. HP: 69/69 MP: 12/16
  6815 | D:7      | Reached skill level 1 in Air Magic
  6822 | D:7      | Learned a level 4 spell: Summon Lightning Spire
  6905 | D:7      | Noticed a boulder beetle
  6932 | D:7      | Killed a boulder beetle
  7046 | D:7      | Found Doloelol's Distillery.
  7333 | D:7      | Identified the amulet "Cuyp" {rN+ Regen+}
  7851 | D:7      | Reached *** piety under Yredelemnul
  8541 | D:8      | Noticed a komodo dragon
  8554 | D:8      | Killed a komodo dragon
  8555 | D:8      | Reached XP level 10. HP: 76/76 MP: 7/21
  8702 | D:8      | Noticed a two-headed ogre
  8719 | D:8      | Killed a two-headed ogre
  8852 | D:8      | Found a staircase to the Lair.
  9142 | D:9      | Found a blossoming altar of Fedhas.
  9264 | D:9      | Got the Cyclopedia of Flashy Summoning
  9747 | D:9      | Found a hide-covered altar of Uskayaw.
  9841 | D:10     | Entered Level 10 of the Dungeon
  9944 | D:10     | Noticed a gargoyle
  9959 | D:10     | Killed a gargoyle
 10025 | D:10     | Reached skill level 10 in Spellcasting
 10163 | D:10     | Found a shadowy altar of Dithmenos.
 10595 | D:10     | Found a bloodstained altar of Trog.
 10672 | D:10     | Found an opulent altar of Gozag.
 10840 | D:11     | Noticed a seven-headed hydra
 10865 | D:11     | Killed a seven-headed hydra
 10866 | D:11     | Reached XP level 11. HP: 56/81 MP: 12/25
 11073 | D:11     | Noticed Psyche
 11074 | D:11     | Killed Psyche
 11205 | D:11     | Noticed a two-headed ogre
 11209 | D:11     | Killed a two-headed ogre
 11210 | D:11     | Reached skill level 10 in Summonings
 11254 | D:11     | Noticed Harold
 11264 | D:11     | Killed Harold
 11395 | D:11     | Found the +1 robe of Vines {NoPotionHeal Regen++++}
 11511 | D:11     | Found Poucoiv's Book Shop.
 11538 | D:11     | Reached **** piety under Yredelemnul
 11687 | D:11     | Reached ***** piety under Yredelemnul
 11688 | D:11     | Reached ****** piety under Yredelemnul
 12065 | D:11     | Found Poucoiv's Book Shop.
 12365 | Lair:1   | Entered Level 1 of the Lair of Beasts
 12530 | D:11     | Bought a book of Scorching for 420 gold pieces
 12537 | D:11     | Learned a level 6 spell: Summon Cactus Giant
 13471 | Lair:2   | Noticed a boulder beetle
 13477 | Lair:2   | Killed a boulder beetle
 13979 | Lair:2   | Reached skill level 1 in Invocations
 13986 | Lair:2   | Reached XP level 12. HP: 71/88 MP: 3/26
 14319 | Lair:2   | Found a staircase to the Snake Pit.
 14485 | Lair:2   | Noticed a death yak
 14490 | Lair:2   | Noticed a death yak
 14492 | Lair:2   | Killed a death yak
 14493 | Lair:2   | Noticed a death yak
 14496 | Lair:2   | Killed a death yak
 14497 | Lair:2   | Reached skill level 5 in Invocations
 14499 | Lair:2   | Killed a death yak
 14837 | Lair:3   | Found a staircase to the Swamp.
 15932 | Lair:4   | Found a transporter.
 16088 | Lair:4   | Found a staircase to the Slime Pits.
 16098 | Lair:4   | Found a viscous altar of Jiyva.
 16149 | Lair:4   | Found a dark tunnel.
 16174 | Volcano  | Entered a volcano
 16266 | Volcano  | Gained mutation: You are strongly in touch with the powers
                  | of death. [Mummy growth]
 16266 | Volcano  | Reached XP level 13. HP: 87/93 MP: 15/27
 16375 | Volcano  | Noticed a fire dragon
 16414 | Volcano  | Killed a fire dragon
 17053 | Lair:4   | Reached skill level 10 in Invocations
 17147 | Lair:4   | Found a transporter.
 17187 | Lair:4   | Found a blossoming altar of Fedhas.
 17525 | Lair:4   | Learned a level 7 spell: Summon Hydra
 17545 | Lair:5   | Entered Level 5 of the Lair of Beasts
 17778 | Lair:5   | Found the +7 captain's cutlass {speed, disarm}
 17948 | Lair:5   | Reached skill level 15 in Summonings
 18163 | Lair:5   | Reached XP level 14. HP: 95/100 MP: 3/29
 19646 | D:12     | Found a staircase to the Orcish Mines.
 19990 | D:12     | Noticed Urug
 20060 | D:12     | Found Loicoh's General Store.
 20065 | D:12     | Bought a scroll of butterflies for 40 gold pieces
 20065 | D:12     | Bought a scroll of teleportation for 30 gold pieces
 20574 | D:12     | Killed Urug
 20739 | Orc:1    | Entered Level 1 of the Orcish Mines
 21027 | Orc:1    | Noticed browni3141's ghost (journeyman DsGl)
 21047 | Orc:1    | Noticed a stone giant
 21085 | Orc:1    | Found a bloodstained altar of Trog.
 21132 | Orc:1    | Found a transporter.
 21201 | Orc:1    | Found a transporter.
 21606 | Orc:2    | Entered Level 2 of the Orcish Mines
 21619 | Orc:2    | Paralysed by something for 2 turns
 21788 | Orc:2    | Found a staircase to the Elven Halls.
 22045 | Orc:2    | Found Lifu's Book Boutique.
 22166 | Orc:2    | Found Ulan's Distillery.
 22171 | Orc:2    | Found Dacroz's Distillery.
 22199 | Orc:2    | Reached skill level 5 in Dodging
 22454 | Orc:2    | Found Jaatiun's Distillery.
 22512 | Orc:2    | Reached XP level 15. HP: 108/108 MP: 33/33
 23142 | D:13     | Paralysed by something for 2 turns
 23258 | D:13     | Found a gate to the Vaults.
 23463 | D:13     | Found a runed translucent door.
 23463 | D:13     | Noticed a tengu reaver
 23875 | D:13     | Killed a tengu reaver
 23929 | D:13     | Identified the +7 great sword of Puadulao {speed, rF+}
 24220 | D:14     | Upgraded the game from 0.30-a0-782-ge64f9170bb to
                  | 0.30-a0-793-g160f7cfddd
 24515 | D:14     | Found Cergho Zio's Jewellery Shoppe.
 24662 | D:14     | Found a hide-covered altar of Uskayaw.
 25416 | D:15     | Entered Level 15 of the Dungeon
 26390 | D:15     | Found an ancient bone altar of Kikubaaqudgha.
 26778 | D:15     | Found a staircase to the Depths.
 27139 | D:6      | Bought a brightly glowing mace for 272 gold pieces
 27139 | D:6      | Identified the +8 mace "Wint" {elec, *Rage rF+ rN+ Str+2}
                  | (You bought it in a shop on level 6 of the Dungeon)
 27387 | Lair:4   | Reached skill level 10 in Fighting
 27486 | Swamp:1  | Entered Level 1 of the Swamp
 27844 | Swamp:1  | Noticed Roxanne
 27866 | Swamp:1  | Killed Roxanne
 27867 | Swamp:1  | Reached skill level 1 in Armour
 28110 | Swamp:1  | Reached XP level 16. HP: 119/123 MP: 34/34
 28988 | Swamp:2  | Noticed Jorgrun
 28993 | Swamp:2  | Noticed a thorn hunter
 28997 | Swamp:2  | Killed Jorgrun
 28997 | Swamp:2  | Enslaved Jorgrun
 29018 | Swamp:2  | Killed a thorn hunter
 29711 | Swamp:3  | Found a runed translucent door.
 29732 | Swamp:3  | Found a shimmering altar of Xom.
 29732 | Swamp:3  | Noticed Efairey's ghost (adept DsGl)
 29736 | Swamp:3  | Identified the +4 war axe of Skirmishing {chaos, rCorr}
 30069 | Swamp:3  | Killed Efairey's ghost
 30180 | Swamp:4  | Entered Level 4 of the Swamp
 30262 | Swamp:4  | Your ally Jorgrun died
 30552 | Swamp:4  | Reached skill level 10 in Dodging
 30591 | Swamp:4  | Reached skill level 1 in Necromancy
 30603 | Swamp:4  | Reached skill level 2 in Necromancy
 30646 | Swamp:4  | Noticed the 27-headed Lernaean hydra
 30658 | Swamp:4  | Killed the 27-headed Lernaean hydra
 30658 | Swamp:4  | Enslaved the 27-headed Lernaean hydra
 30665 | Swamp:4  | Reached skill level 3 in Necromancy
 30696 | Swamp:4  | Reached skill level 4 in Necromancy
 30905 | Swamp:4  | Got a decaying rune of Zot
 31429 | Snake:1  | Entered Level 1 of the Snake Pit
 31436 | Snake:1  | Reached skill level 5 in Necromancy
 31595 | Snake:1  | Reached skill level 6 in Necromancy
 31647 | Snake:1  | Learned a level 7 spell: Haunt
 31994 | Snake:1  | Found Baofonn's Armour Emporium.
 31997 | Snake:1  | Found Navuffe's Distillery.
 31997 | Snake:1  | Found Juleplum's Antique Weapon Shoppe.
 32000 | Snake:1  | Found Hael's General Store.
 32042 | Snake:1  | Bought a scroll of magic mapping for 105 gold pieces
 32260 | Snake:1  | Reached XP level 17. HP: 129/133 MP: 27/35
 32312 | Snake:1  | Found a runed translucent gate.
 32312 | Snake:1  | Found a runed translucent gate.
 32312 | Snake:1  | Found a runed translucent gate.
 32313 | Snake:1  | Found an opulent altar of Gozag.
 32314 | Snake:1  | Found Xudoyv's Assorted Antiques.
 32314 | Snake:1  | Noticed Ciog's ghost (adept GrFi)
 32508 | Snake:1  | Reached skill level 7 in Necromancy
 32514 | Snake:1  | Killed Ciog's ghost
 32672 | Snake:1  | Bought a scroll of poison for 116 gold pieces
 32672 | Snake:1  | Bought a scroll of magic mapping for 217 gold pieces
 32672 | Snake:1  | Bought a large wooden ring for 145 gold pieces
 32780 | Snake:2  | Reached skill level 8 in Necromancy
 33311 | Snake:2  | Reached skill level 9 in Necromancy
 33625 | Snake:2  | Reached skill level 10 in Necromancy
 34205 | Snake:3  | Reached skill level 11 in Necromancy
 34952 | Snake:3  | Reached skill level 12 in Necromancy
 35892 | Snake:4  | Entered Level 4 of the Snake Pit
 35966 | Snake:4  | Found Zodi's General Store.
 35971 | Snake:4  | Found Luroic's Book Shoppe.
 35973 | Snake:4  | Found Wopso's Book Emporium.
 35977 | Snake:4  | Bought a scroll of fog for 72 gold pieces
 35981 | Snake:4  | Bought a book of Unlife for 612 gold pieces
 35981 | Snake:4  | Bought Great Wizards, Vol. VII for 510 gold pieces
 35987 | Snake:4  | Learned a level 5 spell: Borgnjor's Vile Clutch
 36573 | Snake:4  | Reached skill level 13 in Necromancy
 36805 | Snake:4  | Reached skill level 1 in Earth Magic
 37422 | Snake:4  | Reached XP level 18. HP: 132/140 MP: 3/36
 37591 | Snake:4  | Reached skill level 5 in Earth Magic
 37754 | Snake:4  | Got a serpentine rune of Zot
 38429 | Vaults:1 | Entered Level 1 of the Vaults
 39106 | Vaults:1 | Found Burchy's Antique Weapon Shop.
 39359 | Vaults:1 | Reached skill level 14 in Necromancy
 39574 | Vaults:1 | Your ally bound 27-headed Lernaean hydra died
 39863 | Vaults:1 | Reached skill level 15 in Necromancy
 40489 | Vaults:1 | Noticed a lich
 40494 | Vaults:1 | Killed a lich
 40983 | Vaults:2 | Found Cuall's Jewellery Shop.
 41417 | Vaults:2 | Reached skill level 16 in Necromancy
 42131 | Vaults:2 | Reached XP level 19. HP: 146/146 MP: 25/37
 42213 | Vaults:2 | Reached skill level 15 in Spellcasting
 42551 | Vaults:2 | Noticed Sojobo
 42558 | Vaults:2 | Paralysed by an air elemental for 1 turns
 42561 | Vaults:2 | Paralysed by an air elemental for 1 turns
 42567 | Vaults:2 | Paralysed by an air elemental for 1 turns
 42636 | Vaults:2 | Reached skill level 17 in Necromancy
 43067 | Vaults:2 | Killed Sojobo
 43067 | Vaults:2 | Enslaved Sojobo
 43756 | Vaults:3 | Found a staircase to the Crypt.
 43756 | Vaults:3 | Found an ancient bone altar of Kikubaaqudgha.
 43756 | Vaults:3 | Found a basalt altar of Yredelemnul.
 43881 | Vaults:3 | Reached skill level 18 in Necromancy
 43891 | Vaults:3 | Paralysed by a floating eye for 3 turns
 44214 | Vaults:3 | Reached skill level 19 in Necromancy
 44214 | Vaults:3 | HP: 3/146 [tengu reaver/+4 great sword of holy wrath (11)]
 44214 | Vaults:3 | Slain by a tengu reaver

Illustrated notes

Levels and vault maps discovered:
D:1:      scummos_arrival_hexagon, layout_loops_ring,
          nicolae_figureground_sparkle
D:2:      layout_basic, chequers_ecumenical_altar_simple_redux
D:3:      layout_loops_ring, uniq_natasha
D:4:      layout_cave_pools, lemuel_round_altar,
          minmay_overflow_temple_star_quad, serial_shops, shop,
          lightli_minifort, uniq_grinder
D:5:      layout_loops_ring, zin_scriptorium, minmay_temple_entry_tees,
          uniq_duvessa
D:6:      layout_loops_ring, mainiacjoe_overflow_six_doors_small,
          lemuel_crystal_altar, mainiacjoe_overflow_boulevard,
          cheibrodos_sewer_entry_bend, nicolae_inconvenience_store
D:7:      dreamdust_elfheim, layout_basic, serial_shops, shop,
          minmay_diced_spiral
D:8:      layout_rooms, david_lair_shrubbed
D:9:      layout_roguey, marbit_many_paths, fedhas_altar_3
D:10:     layout_basic, bloody_trog, mainiacjoe_overflow_alcove_1,
          lemuel_coloured_pillars_altar
D:11:     layout_irregular_city, serial_shops, shop_fountains,
          hellmonk_guarded_unrand_vines, uniq_harold, uniq_psyche
D:12:     layout_roguey, orc_0_dummy, serial_shops, shop, serial_bayou_crossing,
          uniq_urug
D:13:     layout_irregular_city, david_vaults_2, kennysheep_treasure_room
D:14:     layout_cave_pools, nicolae_uskayaw_murder_on_the_dancefloor,
          minmay_shop_enchanted_jewellery, minmay_quadrilaterals
D:15:     grunt_enter_depths_hoard, layout_basic, columned_hall_lemuel,
          nicolae_kikubaaqudgha_miasma_corner
Temple:   hellmonk_temple_beads
Lair:1:   layout_regular_city, serial_bayou_shore_a
Lair:2:   layout_roguey, minmay_snake_entry_guardpost_medium,
          nicolae_lair_lil_pond
Lair:3:   layout_regular_city, swamp_mist_pool
Lair:4:   gammafunk_cloud_chamber, layout_regular_city,
          nicolae_slime_entry_field_trip, nicolae_volcano_entry_vermiform,
          basic_altar, beast_lair_carwin_10
Lair:5:   gammafunk_lair_ancient_temple, layout_cave_shapes, dpeg_oklob_1,
          grunt_megastairs_4, lemuel_fruit_tree
Swamp:1:  layout_falls_marsh, nicolae_swamp_treefoil, uniq_roxanne
Swamp:2:  layout_falls_marsh, evilmike_swamp_ruin_rubble_2,
          infiniplex_staircase_pool, uniq_jorgrun
Swamp:3:  layout_falls_marsh, ebering_ghost_xom, evilmike_swamp_ruin_wall
Swamp:4:  swamp_old_school, layout_basic_swamp, infiniplex_staircase_pool_2
Snake:1:  layout_misc_corridors, ebering_ghost_gozag, st_stairs_2,
          minmay_shoptagon, grunt_megastairs_5
Snake:2:  layout_gridlike, nicolae_integral_box
Snake:3:  layout_honeycomb
Snake:4:  snake_pit, layout_chambers, minmay_shop_star
Orc:1:    minmay_goldmine, layout_caves, gammafunk_ghost_wrathful_warriors
Orc:2:    st_orc_open, layout_caves
Vaults:1: v_misc_15, nicolae_vaults_meeting, ontoclasm_vaults_ligature,
          vaults_dpeg_spiral, hangedman_vaults_maws, hangedman_vaults_cutoff,
          nicolae_vaults_puzzle_piece, nicolae_vaults_shelves_hall, v_pattern_1,
          v_misc_31, grunt_vaults_twisty, v_misc_23, nicolae_vaults_rhombus_5,
          nicolae_vaults_little_squares_4, ontoclasm_vaults_decontamination,
          layout_vaults_ring, serial_shops, shop
Vaults:2: ontoclasm_vaults_chip, v_pattern_3, v_misc_2, vaults_dpeg_cross,
          nicolae_vaults_little_squares_1, ontoclasm_vaults_ring_small,
          vaults_mumra_hex, st_spiral_rooms, vaults_dpeg_diagonal,
          nicolae_vaults_sealed_display, v_misc_4, layout_vaults_big_room,
          serial_shops, shop_statue, uniq_sojobo
Vaults:3: vaults_room_hallway, minmay_crypt_entry_necro_gods, st_greater_box_1,
          vaults_standard_mumra_x, v_misc_2, vaults_room_hallway,
          hangedman_vaults_pinch, vaults_mumra_lcd,
          nicolae_vaults_mini_display_case, layout_vaults_maze_snakey

Skill      XL: |  1  2  3  4  5  6  7  8  9 10 11 12 13 14 15 16 17 18 19 |
---------------+----------------------------------------------------------+-----
Stealth        | 2 3 |  3.0
Summonings     | 4 5 6 7 9 12 15 16 | 16.0
Spellcasting   | 4 5 7 10 11 14 15 | 15.1
Hexes          | 3 |  3.0
Fighting       | 3 6 7 10 12 | 12.0
Polearms       | 4 |  4.5
Air Magic      | 4 |  4.0
Invocations    | 1 9 10 | 10.0
Dodging        | 5 8 10 | 10.0
Armour         | 2 3 |  3.8
Necromancy     | 6 13 16 19 | 19.0
Earth Magic    | 4 6 |  6.0

Action                     |  1- 3 |  4- 6 |  7- 9 | 10-12 | 13-15 | 16-18 | 19-21 || total
---------------------------+-------+-------+-------+-------+-------+-------+-------++-------
  Melee: Unarmed           |     4 |       |       |       |       |       |       ||     4
         Whip              |    16 |       |       |       |       |       |       ||    16
         Punch             |     1 |       |     3 |     2 |     5 |       |       ||    11
         Halberd           |       |    22 |    10 |       |       |       |       ||    32
         Dagger            |       |     9 |       |       |       |       |       ||     9
         Trident           |       |       |   222 |   300 |   422 |     4 |       ||   948
         Great sword       |       |       |       |       |    57 |   112 |       ||   169
         Staff             |       |       |       |       |       |    26 |     7 ||    33
  Throw: Throwing net      |       |       |       |     1 |     1 |       |       ||     2
         Dart              |       |       |       |       |     1 |       |     1 ||     2
   Cast: Summon Small Mamm |    41 |     8 |       |       |     1 |     1 |       ||    51
         Call Imp          |    22 |    14 |    20 |     1 |     1 |       |       ||    58
         Call Canine Famil |     1 |    13 |    50 |    36 |    27 |       |       ||   127
         Summon Guardian G |       |       |     5 |     6 |     2 |       |       ||    13
         Summon Lightning  |       |       |    11 |    40 |    30 |     3 |       ||    84
         Summon Cactus Gia |       |       |       |    18 |    36 |     2 |       ||    56
         Summon Hydra      |       |       |       |       |   104 |    95 |     4 ||   203
         Haunt             |       |       |       |       |       |    94 |    14 ||   108
         Borgnjor's Vile C |       |       |       |       |       |    75 |    45 ||   120
 Invoke: Recall Undead Har |       |       |     3 |     6 |    16 |    17 |     1 ||    43
         Dark Bargain      |       |       |     1 |     1 |       |     1 |       ||     3
         Stop Recall       |       |       |     1 |       |       |     1 |       ||     2
         Bind Soul         |       |       |       |     1 |     5 |     3 |     2 ||    11
         Drain Life        |       |       |       |       |     1 |       |       ||     1
  Evoke: Wand              |       |       |       |     8 |     2 |       |       ||    10
         Condenser vane    |       |       |       |       |     3 |     3 |     1 ||     7
    Use: Scroll            |     3 |     1 |     3 |    14 |     8 |     4 |     7 ||    40
   Stab: Distracted        |       |     1 |     2 |    12 |    15 |     1 |     1 ||    32
         Sleeping          |       |       |     2 |       |     4 |     2 |       ||     8
 Armour: Robe              |    10 |       |       |    69 |   289 |   130 |    25 ||   523
         Leather armour    |     1 |    24 |    76 |    27 |       |       |       ||   128
  Dodge: Dodged            |    27 |    24 |    83 |   137 |   343 |   276 |    44 ||   934

Table legend: (Time is in decaauts)
 A = Elapsed time spent in this place.
 B = Non-inter-level travel time spent in this place.
 C = Inter-level travel time spent in this place.
 D = Time resting spent in this place.
 E = Time spent auto-exploring this place.
 F = Levels seen in this place.
 G = Mean time per level.
                   A        B        C        D        E       F      G
               +--------+--------+--------+--------+--------+-----+--------+
         Total |  53085 |  49597 |   3488 |   4532 |  36351 |  36 | 1474.6 |
       Dungeon |  21447 |  19414 |   2033 |   1461 |  14239 |  15 | 1429.8 |
        Temple |    104 |     94 |     10 |      0 |     84 |   1 |  104.0 |
          Lair |   7584 |   7059 |    525 |    395 |   5274 |   5 | 1516.8 |
         Swamp |   5130 |   4890 |    240 |    821 |   3284 |   4 | 1282.5 |
     Snake Pit |   9153 |   8696 |    457 |    743 |   6970 |   4 | 2288.2 |
  Orcish Mines |   2610 |   2467 |    143 |    408 |   1591 |   2 | 1305.0 |
        Vaults |   6237 |   6160 |     77 |    511 |   4570 |   3 | 2079.0 |
         Sewer |    237 |    237 |      0 |      0 |    182 |   1 |  237.0 |
       Volcano |    579 |    579 |      0 |    193 |    155 |   1 |  579.0 |
               +--------+--------+--------+--------+--------+-----+--------+

Top non-repeatable levels by time:
Vaults:2: 2939 daAuts
Vaults:1: 2808 daAuts
 Snake:4: 2754 daAuts
 Snake:3: 2392 daAuts
 Snake:2: 2107 daAuts
  Lair:5: 2083 daAuts
     D:5: 2051 daAuts
    D:11: 1911 daAuts
 Snake:1: 1898 daAuts
    D:13: 1735 daAuts
  Lair:2: 1723 daAuts
    D:15: 1668 daAuts
    D:14: 1562 daAuts
  Lair:3: 1560 daAuts
     D:7: 1507 daAuts
